 Dungeon Crawl Stone Soup version 0.30.1-4-g462c640d31 (webtiles) character file.

Game seed: 4298350797692704867

242 snarfax the Chopper (level 5, -3/67 HPs)
             Began as a Minotaur Fighter on Sept 15, 2023.
             Slain by Grinder (5 damage)
             ... on level 4 of the Dungeon.
             The game lasted 00:04:41 (2769 turns).

snarfax the Chopper (Minotaur Fighter)              Turns: 2769, Time: 00:04:42

Health: -3/67      AC: 22    Str: 22    XL:     5   Next: 82%
Magic:  4/4        EV:  2    Int:  5    God:
Gold:   233        SH:  5    Dex: 10    Spells: 4/4 levels left

rFire   . . .        a - +0 war axe
rCold   . . .        c - +0 buckler
rNeg    . . .        b - melded +0 scale mail
rPois   +            (helmet currently unavailable)
rElec   .            (cloak currently unavailable)
rCorr   .            (gloves currently unavailable)
SInv    .            (boots currently unavailable)
Will    .....        (no amulet)
Stlth   +            (no ring)
HPRegen 0.31/turn    (no ring)
MPRegen 0.09/turn

%: no passive effects
@: tree-form
A: stationary, stasis, torment immunity, boosted hp, (horns 2), (retaliatory
headbutt)
a: no special abilities


You were on level 4 of the Dungeon.
You were a tree.
You visited 1 branch of the dungeon, and saw 4 of its levels.

You collected 233 gold pieces.

Inventory:

Hand Weapons
 a - a +0 war axe (weapon)
Missiles
 l - an atropa-tipped dart (quivered)
Armour
 b - a +0 scale mail (melded)
 c - a +0 buckler (worn)
Jewellery
 k - a ring of protection from cold
 p - a ring of protection from fire
Wands
 m - a wand of mindburst (6)
Scrolls
 e - a scroll of identify
 n - a scroll of enchant weapon
 o - a scroll of poison
Potions
 d - a potion of might
 f - a potion of magic
 g - a potion of resistance
 h - a potion of cancellation
 i - a potion of lignification
 q - a potion of degeneration {unknown}


   Skills:
 - Level 3.6 Fighting
 * Level 6.6 Axes
 - Level 3.6 Armour
 - Level 5.0 Shields


You had 4 spell levels left.
You didn't know any spells.
Your spell library contained the following spells:

 Spells                   Type           Power      Damage    Failure   Level
 Magic Dart               Conj           0%         1d3       54%         1
 Sandblast                Erth           0%         2d4       54%         1
 Passwall                 Tmut/Erth      0%         N/A       67%         2
 Searing Ray              Conj           0%         2d4       67%         2
 Stone Arrow              Conj/Erth      0%         3d7       88%         3
 Fulminant Prism          Conj/Hex       0%         3d5       99%         4


Dungeon Overview and Level Annotations

Branches:
Dungeon (4/15)
 Temple: D:4-7

Altars:
Sif Muna

Annotations:
D:3 3 runed translucent doors, CarvArkoylaein's ghost, amateur HOFi
D:4 Grinder


Innate Abilities, Weirdness & Mutations

You are a tree.
Your roots penetrate the ground, keeping you stationary.
You cannot be teleported.
You are immune to unholy pain and torment.
Your maximum health is greatly increased.
Your equipment is partially melded.
((You have a pair of horns on your head.))
((You reflexively headbutt those who attack you in melee.))


Message History

You throw an atropa-tipped dart. The atropa-tipped dart hits Grinder.
Grinder resists.
Grinder is severely wounded.
Grinder gestures at you.
You suddenly lose the ability to move!
Grinder says, "Make like a tree!"
Grinder blinks!
You can move again.
Throw: 3 darts (atropa)
Press: ? - help, Q - select action, (/) - cycle Shift-Dir - straight line, f/p - Grinder
Aim: Grinder (severely wounded, 52% to hit, chance to blind on hit: 3%)
You throw an atropa-tipped dart.
The atropa-tipped dart closely misses Grinder.
Throw: 2 darts (atropa)
Press: ? - help, Q - select action, (/) - cycle Shift-Dir - straight line, f/p - Grinder
Aim: Grinder (severely wounded, 52% to hit, chance to blind on hit: 3%)
You throw an atropa-tipped dart.
The atropa-tipped dart closely misses Grinder.
You completely miss Grinder.
Grinder is severely wounded.
Grinder gestures at you. Pain shoots through your body! Grinder hits you.
You writhe in agony.
You barely miss Grinder.
Grinder is severely wounded.
Grinder hits you!
You closely miss Grinder.
Grinder is severely wounded.
Grinder gestures at you. Pain shoots through your body!
* * * LOW HITPOINT WARNING * * *
You closely miss Grinder.
Grinder is severely wounded.
Grinder hits you!
* * * LOW HITPOINT WARNING * * *
You writhe in agony.
* * * LOW HITPOINT WARNING * * *
You turn into a tree.
Your +0 scale mail melds into your body.
Your roots penetrate the ground.
Grinder hits you.
You die...

### .. ### .. ... .# ###
(# ##(##
############...#
#....((.(..♣.# >
#.########5#...#
######### . #.#
###.##### #.......# .
#.# #.....# #.#####.# #
#.# ####.....## ##.##
#.# # #.# #.........#
#...####.### #.#
#.##(.....##.#.#.##...##
#.#
#.##...........##.....[.
#.#
#.####.#...#.###.##...##


You could see Grinder.

Vanquished Creatures
  A scorpion (D:2)
  Jessica (D:3)
  An orc wizard (D:3)
  3 gnolls
  2 adders (D:3)
  An ufetubus (D:4)
  2 worms (D:2)
  A dart slug (D:2)
  3 orcs (D:3)
  9 ball pythons
  4 endoplasms
  2 giant cockroaches
  5 hobgoblins
  3 quokkas
  6 bats
  4 frilled lizards
  9 goblins
  6 kobolds
  5 rats (D:1)
68 creatures vanquished.

Notes
Turn   | Place    | Note
-------+----------+-------------------------------------------
     0 | D:1      | snarfax the Minotaur Fighter began the quest for the Orb.
     0 | D:1      | Reached XP level 1. HP: 19/19 MP: 0/0
   102 | D:1      | Reached skill level 3 in Axes
   103 | D:1      | Reached XP level 2. HP: 23/26 MP: 1/1
   688 | D:2      | Reached XP level 3. HP: 31/31 MP: 2/2
  1024 | D:1      | Reached skill level 4 in Axes
  1140 | D:2      | Reached XP level 4. HP: 37/39 MP: 3/3
  1387 | D:2      | Noticed a scorpion
  1392 | D:2      | Killed a scorpion
  1393 | D:2      | Reached skill level 5 in Axes
  1393 | D:2      | Reached XP level 5. HP: 45/45 MP: 4/4
  1594 | D:3      | Found a shimmering blue altar of Sif Muna.
  1658 | D:3      | Noticed CarvArkoylaein's ghost (amateur HOFi)
  1699 | D:3      | Reached skill level 5 in Shields
  1708 | D:3      | Reached skill level 6 in Axes
  1800 | D:3      | Found a runed translucent gate.
  1801 | D:3      | Found a runed translucent gate.
  1802 | D:3      | Found a runed translucent gate.
  1953 | D:3      | Noticed Jessica
  1958 | D:3      | Killed Jessica
  2738 | D:4      | Noticed Grinder
  2742 | D:4      | Paralysed by Grinder for 4 turns
  2758 | D:4      | Paralysed by Grinder for 4 turns
  2768 | D:4      | HP: 2/45 [Grinder (7)]
  2769 | D:4      | Slain by Grinder

Illustrated notes

Levels and vault maps discovered:
D:1:      lightli_arrival_boilingwater, layout_loops_ring,
          minmay_three_crescents
D:2:      layout_loops_ring, moated_statue
D:3:      layout_basic, mainiacjoe_overflow_tiny_flanked, gammafunk_ghost_icy,
          uniq_jessica
D:4:      layout_loops_ring, mainiacjoe_overflow_brackets,
          nicolae_zen_rock_garden, uniq_sigmund, uniq_grinder

Skill      XL: |  1  2  3  4  5 |
---------------+----------------+-----
Axes           | 3 4 5 6 |  6.6
Shields        | 4 5 |  5.0
Fighting       | |  3.6
Armour         | |  3.6

Action                     |  1- 3 |  4- 6 || total
---------------------------+-------+-------++-------
  Melee: War axe           |    70 |    75 ||   145
         Headbutt          |     8 |    12 ||    20
  Throw: Dart              |       |    15 ||    15
    Use: Scroll            |     4 |     3 ||     7
         Potion            |       |     1 ||     1
 Armour: Scale mail        |    40 |    21 ||    61
  Dodge: Dodged            |    46 |    31 ||    77
  Block: Buckler           |    16 |    12 ||    28
